 Dungeon Crawl Stone Soup version 0.25.0-9-g26727b657a (webtiles) character file.

Game seed: 1151627956147509003

683 Jakers the Tainter (level 7, -4/49 HPs)
             Began as a Naga Venom Mage on June 18, 2020.
             Was an Initiate of Cheibriados.
             Slain by a gnoll
             ... wielding a +0 spear
              (8 damage)
             ... on level 6 of the Dungeon.
             The game lasted 00:09:04 (3283 turns).

Jakers the Tainter (Naga Venom Mage)                Turns: 3283, Time: 00:09:06

Health: -4/49      AC:  5    Str: 12    XL:     7   Next: 61%
Magic:  0/10       EV: 10    Int: 16    God:    Cheibriados [......]
Gold:   161        SH:  0    Dex: 12    Spells: 4/10 levels left

rFire    + . .     SeeInvis +   q - +0 quarterstaff
rCold    x . .     Gourm    .   (shield currently unavailable)
rNeg     . . .     Faith    .   a - +1 robe
rPois    +         Spirit   .   (no helmet)
rElec    .         Reflect  .   (no cloak)
rCorr    .         Harm     .   p - +0 pair of gloves
MR       +....                  (no barding)
Stlth    +.........             (no amulet)
HPRegen  0.16/turn              f - ring of fire
MPRegen  0.12/turn              r - ring of attention

@: mighty, very slow
A: large, see invisible, deformed body, dopey 1, frail 1, magic resistance 1,
poison resistance, slowness 2, slow metabolism 1, spit poison 1, AC +2
a: Spit Poison, Bend Time, Renounce Religion


You were on level 6 of the Dungeon.
You worshipped Cheibriados.
Cheibriados was noncommittal.
You were hungry.

You visited 1 branch of the dungeon, and saw 5 of its levels.

You collected 161 gold pieces.

Inventory:

Hand Weapons
 b - a +0 mace
 k - a +0 short sword
 q - a +0 quarterstaff (weapon)
Missiles
 l - 6 boomerangs (quivered)
Armour
 a - a +1 robe (worn)
 p - a +0 pair of gloves (worn)
Jewellery
 f - a ring of fire (left hand)
 i - an uncursed ring of positive energy {unknown}
 r - a ring of attention (right hand)
Scrolls
 d - 2 scrolls of identify
 g - a scroll of fear
 j - a scroll of amnesia
 m - a scroll of remove curse
 s - a scroll of teleportation
 t - a scroll of enchant weapon {unknown}
Potions
 e - 2 potions of flight
 h - a potion of might
 o - a potion of curing
Comestibles
 c - 4 rations
 n - 3 chunks of flesh


   Skills:
 - Level 1.5 Dodging
 - Level 3.0 Stealth
 - Level 2.0 Spellcasting
 - Level 1.0 Transmutations
 + Level 11.1 Poison Magic


You had 4 spell levels left.
You knew the following spells:

 Your Spells              Type           Power        Failure   Level  Hunger
a - Sting                 Tmut/Pois      ###.         1%          1    #......
b - Poisonous Vapours     Pois/Air       ###...       3%          2    ###....
c - Ignite Poison         Fire/Tmut/Pois ###.....     12%         3    ###....

Your spell library contained the following spells:

 Spells                   Type           Power        Failure   Level  Hunger
 Olgreb's Toxic Radiance  Pois           #####...     1%          4    #####..
 Spider Form              Tmut/Pois      ###.......   4%          3    ###....
 Beastly Appendage        Tmut           #.....       14%         1    #......
 Mephitic Cloud           Conj/Pois/Air  ##......     14%         3    ###....
 Sticks to Snakes         Tmut           #.......     21%         2    ###....
 Ice Form                 Ice/Tmut       #.......     86%         4    #####..
 Blade Hands              Tmut           #.........   98%         5    ######.


Dungeon Overview and Level Annotations

Branches:
Dungeon (7/15)             Temple (0/1) D:6

Altars:
Ashenzari
Cheibriados
Gozag


Innate Abilities, Weirdness & Mutations

You cannot wear boots.
Your serpentine skin is tough. (AC +2)
You have supernaturally acute eyesight. (SInv)
Armour fits poorly on your strangely shaped body.
Your system is resistant to poisons. (rPois)
You cover ground very slowly.
You have a slow metabolism.
You can spit poison.
You are dopey. (Int -2)
You are frail. (-10% HP)
You are resistant to hostile enchantments. (MR+)


Message History

The orc wizard is engulfed in poison gas.
The orc wizard is poisoned.
The gnoll hits you with a +0 whip.
The gnoll hits you from afar with a +0 spear!
* * * LOW HITPOINT WARNING * * *
Casting: Poisonous Vapours (safe; 3% risk of failure)
Confirm with . or Enter, or press ? or * to list all spells.
Aiming: Poisonous Vapours (safe; 3% risk of failure)
Press: ? - help, Dir - move target cursor, f - gnoll, p - orc wizard
Aim: a gnoll, wielding a +0 spear (heavily wounded, poisoned) Poisonous vapours surround the gnoll!
The gnoll hits you but does no damage.
The gnoll is engulfed in poison gas.
The gnoll looks even sicker.
The gnoll barely misses you.
It was a potion of might.
You feel very mighty all of a sudden.
You have got your breath back.
The orc wizard hits you but does no damage.
The gnoll hits you with a +0 whip.
* * * LOW HITPOINT WARNING * * *
The gnoll hits you from afar with a +0 spear!
You die...

## #. #######...
#.
#####.........
#.
#.........g...
#.
#..........g..
#.
#.............
#.
###.....#####+#.
#. #.......g...#
..######o
#........o@.#
..oo...g.
#........g..#
.o.......
##...........#
.....g...
#............#
.....g...
#............#
.........
#............#
.........
#^..)........#
.........
##..))>......#
##.......
#...........#
.......


You could see an orc wizard (invisible, poisoned) and 2 gnolls.

Vanquished Creatures
  An orc warrior (D:6)
  A black bear (D:7)
  An ogre (D:4)
  2 hounds
  3 orc priests
  An orc wizard (D:4)
  Jessica (D:2)
  3 worker ants
  A hound skeleton (D:4)
  A gnoll (D:6)
  5 adders (D:2)
  2 worms (D:2)
  2 dart slugs
  A leopard gecko (D:2)
  4 orcs
  4 bats
  5 giant cockroaches
  6 goblins
  2 hobgoblins
  5 jackals
  2 kobolds (D:1)
  3 quokkas
  A ball python (D:1)
  3 frilled lizards
  6 rats
66 creatures vanquished.

Vanquished Creatures (others)
  A jackal skeleton (D:6)
1 creature vanquished.

Grand Total: 67 creatures vanquished

Notes
Turn   | Place    | Note
-------+----------+-------------------------------------------
     0 | D:1      | Jakers the Naga Venom Mage began the quest for the Orb.
     0 | D:1      | Reached XP level 1. HP: 15/15 MP: 3/3
   381 | D:1      | Reached XP level 2. HP: 22/22 MP: 3/5
   627 | D:1      | Reached skill level 5 in Poison Magic
  1086 | D:2      | Reached XP level 3. HP: 11/28 MP: 2/6
  1340 | D:2      | Found a shattered altar of Ashenzari.
  1438 | D:2      | Reached skill level 6 in Poison Magic
  1537 | D:2      | Found a faded altar of an unknown god.
  1694 | D:2      | Reached XP level 4. HP: 30/36 MP: 5/7
  1834 | D:2      | Noticed Jessica
  1856 | D:2      | Killed Jessica
  1856 | D:2      | Reached skill level 7 in Poison Magic
  1856 | D:2      | Reached XP level 5. HP: 14/42 MP: 1/8
  2073 | D:2      | You fall into a shaft and drop 2 floors!
  2080 | D:4      | Gained mutation: You are frail. (-10% HP) [potion of
                  | mutation]
  2080 | D:4      | Gained mutation: You are dopey. (Int -2) [potion of
                  | mutation]
  2080 | D:4      | Gained mutation: You are resistant to hostile enchantments.
                  | (MR+) [potion of mutation]
  2101 | D:4      | Reached skill level 8 in Poison Magic
  2108 | D:4      | Noticed an ogre
  2313 | D:4      | Learned a level 2 spell: Poisonous Vapours
  2317 | D:4      | Learned a level 3 spell: Ignite Poison
  2333 | D:4      | Killed an ogre
  2333 | D:4      | Reached skill level 9 in Poison Magic
  2333 | D:4      | Reached XP level 6. HP: 44/44 MP: 2/9
  2397 | D:4      | Found an opulent altar of Gozag.
  2526 | D:4      | Found a snail-covered altar of Cheibriados.
  2567 | D:4      | Became a worshipper of Cheibriados the Contemplative
  2720 | D:4      | You fall into a shaft and drop 2 floors!
  2743 | D:6      | Found a staircase to the Ecumenical Temple.
  2859 | D:6      | Noticed an orc warrior
  2866 | D:6      | Killed an orc warrior
  2866 | D:6      | Reached skill level 10 in Poison Magic
  2866 | D:6      | Reached XP level 7. HP: 32/49 MP: 2/10
  3173 | D:6      | Reached skill level 11 in Poison Magic
  3283 | D:6      | Slain by a gnoll

Illustrated notes

Levels and vault maps discovered:
D:1:      sevenhm_arrival_forest_fort_large_4, layout_loops_cross
D:2:      layout_basic, ashenzari_conservatory_becter,
          chequers_ecumenical_altar_simple, chequers_serial_rivers_large_b,
          kennysheep_generic_room_13, uniq_jessica, uniq_sigmund
D:4:      layout_basic, kennysheep_slug_shrine, grunt_gozag_breadcrumbs,
          chequers_mini_garden, uniq_grinder
D:6:      layout_basic, zin_academy, minmay_temple_entry_nine_rooms,
          lemuel_flame_loot_1, uniq_eustachio
D:7:      layout_basic, uniq_duvessa, uniq_prince_ribbit1, uniq_harold

Skill      XL: |  1  2  3  4  5  6  7 |
---------------+----------------------+-----
Poison Magic   | 5 6 7 9 10 11 | 11.1
Dodging        | |  1.5
Stealth        | |  3.0
Spellcasting   | |  2.0
Transmutations | |  1.0

Action                   |  1- 3 |  4- 6 |  7- 9 || total
-------------------------+-------+-------+-------++-------
Melee: Mace              |    10 |       |       ||    10
       Short sword       |     8 |    33 |     5 ||    46
       Quarterstaff      |       |       |     3 ||     3
 Cast: Sting             |    33 |    38 |     5 ||    76
       Poisonous Vapours |       |    12 |    13 ||    25
       Ignite Poison     |       |       |     3 ||     3
 Abil: Spit Poison       |    21 |    10 |     1 ||    32
  Use: Scroll            |       |     5 |     5 ||    10
       Potion            |       |     1 |     1 ||     2
  Eat: Chunk             |     3 |     5 |     2 ||    10
Armor: Robe              |     1 |    16 |     9 ||    26
Dodge: Dodged            |    17 |    35 |     8 ||    60
